 Dungeon Crawl Stone Soup version 0.25.1-8-g42b30a86e7 (webtiles) character file.

Game seed: 12282053260607229156

87 Destapler the Shield-Bearer (level 4, 0/44 HPs)
             Began as a Troll Fighter on Dec 19, 2020.
             Slain by a gnoll
             ... wielding a +0 spear
              (2 damage)
             ... on level 3 of the Dungeon.
             The game lasted 00:04:35 (1362 turns).

Destapler the Shield-Bearer (Troll Fighter)         Turns: 1362, Time: 00:04:36

Health: 0/44       AC:  6    Str: 24    XL:     4   Next: 28%
Magic:  3/3        EV:  8    Int:  4    God:
Gold:   136        SH:  9    Dex: 10    Spells: 3/3 levels left

rFire    . . .     SeeInvis .   a - +0 flail
rCold    . . .     Gourm    +   c - +0 kite shield
rNeg     . . .     Faith    .   b - +0 robe
rPois    .         Spirit   .   (helmet restricted)
rElec    .         Reflect  .   (no cloak)
rCorr    .         Harm     .   (gloves unavailable)
MR       .....                  (boots unavailable)
Stlth    +.........             (no amulet)
HPRegen  0.54/turn              (no ring)
MPRegen  0.08/turn              (no ring)

@: mighty
A: large, unfitting armour, claws 3, fast metabolism 3, gourmand, regeneration
1, shaggy fur 1, tough skin 3
a: no special abilities


You were on level 3 of the Dungeon.
You were very full.

You visited 1 branch of the dungeon, and saw 4 of its levels.

You collected 136 gold pieces.

Inventory:

Hand Weapons
 a - a +0 flail (weapon)
Missiles
 m - a throwing net (quivered)
Armour
 b - a +0 robe (worn)
 c - a +0 kite shield (worn)
Jewellery
 n - a cursed ring of wizardry {unknown}
Scrolls
 e - 3 scrolls of identify {unknown}
 g - a scroll of noise {unknown}
 i - 2 scrolls of remove curse {unknown}
Potions
 h - a potion of flight {unknown}
 j - a potion of stabbing {unknown}
 l - a potion of curing {unknown}
 o - 3 potions of degeneration {unknown}
 p - a potion of resistance {unknown}
Comestibles
 f - 5 rations
 k - 3 chunks of flesh


   Skills:
 - Level 2.4 Fighting
 + Level 3.2 Maces & Flails
 - Level 2.4 Dodging
 + Level 3.4 Shields


You had 3 spell levels left.
You didn't know any spells.
Your spell library was empty.

Dungeon Overview and Level Annotations

Branches:
Dungeon (4/15)
 Temple: D:4-7

Altars:
Makhleb
Xom


Innate Abilities, Weirdness & Mutations

You are too large for most types of armour.
You have claws for hands.
Your metabolism is lightning-fast.
You like to eat raw meat.
Your natural rate of healing is unusually fast.
You are covered in fur. (AC +1)
You have extremely tough skin. (AC +3)


Message History

The gnoll hits you with a +0 spear.
* * * LOW HITPOINT WARNING * * *
You feel very mighty all of a sudden.
The gnoll hits you from afar with a +0 spear!
* * * LOW HITPOINT WARNING * * *
You block the gnoll's attack.
You bludgeon the gnoll!!
You kill the gnoll!
The gnoll hits you from afar with a +0 spear.
* * * LOW HITPOINT WARNING * * *
The gnoll hits you from afar with a +0 spear.
* * * LOW HITPOINT WARNING * * *
The gnoll hits you from afar with a +0 spear!
* * * LOW HITPOINT WARNING * * *
You see here a +0 spear.
You block the gnoll's attack. The gnoll barely misses you.
You sock the gnoll!
The gnoll is severely wounded.
The gnoll hits you with a +0 spear.
You die...

....).. .....
s...... .... .o.[≈..
... ...≈≈.. ..
..≈≈.≈. #. >.≈..≈#
#†## .≈≈..≈≈
#..###### .≈#...#
##g##..[# #≈..≈.# #
#@##...# ..##≈≈#
##.#.###)g#...#
........#.....#
##.#..#.......#
#..#.(.#...#
#......#...# ..###
#.#....#...# .....##
# ##...#...#
......######...#####


You could see 2 gnolls.

Vanquished Creatures
  2 gnolls (D:3)
  2 adders
  A dart slug (D:1)
  4 leopard geckos
  An orc (D:2)
  A bat (D:1)
  A giant cockroach (D:3)
  3 goblins
  10 hobgoblins
  7 kobolds
  3 quokkas (D:2)
  3 frilled lizards
  3 rats
41 creatures vanquished.

Notes
Turn   | Place    | Note
-------+----------+-------------------------------------------
     0 | D:1      | Destapler the Troll Fighter began the quest for the Orb.
     0 | D:1      | Reached XP level 1. HP: 22/22 MP: 0/0
    85 | D:1      | Reached XP level 2. HP: 29/29 MP: 1/1
   695 | D:2      | Found a shimmering altar of Xom.
   699 | D:2      | Found a burning altar of Makhleb.
   708 | D:2      | Reached XP level 3. HP: 36/36 MP: 2/2
   945 | D:2      | You fall into a shaft and drop 2 floors!
  1331 | D:3      | Reached XP level 4. HP: 41/44 MP: 3/3
  1360 | D:3      | HP: 1/44 [gnoll/+0 spear (7)]
  1362 | D:3      | Slain by a gnoll

Illustrated notes

Levels and vault maps discovered:
D:1:      lemuel_arrival_room, layout_basic
D:2:      layout_rooms, lemuel_crystal_altar, overflow_temple_1_default,
          minivault_24, minmay_tetromino_i4
D:3:      layout_rooms, first_ration, serial_rivers,
          chequers_serial_rivers_large_a, chequers_serial_rivers_marsh,
          chequers_serial_rivers_large_b, chequers_serial_rivers_room_b,
          chequers_serial_rivers_small_b, chequers_serial_rivers_small_b
D:4:      layout_loops_cross, fedhas_altar_fruit_tree, guppyfry_shop_venom

Skill      XL: |  1  2  3 |
---------------+----------+-----
Maces & Flails | 2 3 |  3.2
Shields        | 3 |  3.4
Fighting       | |  2.4
Dodging        | |  2.4

Action                   |  1- 3 |  4- 6 || total
-------------------------+-------+-------++-------
Melee: Flail             |   140 |     8 ||   148
  Use: Potion            |       |     1 ||     1
  Eat: Chunk             |    18 |       ||    18
Armor: Robe              |    62 |     3 ||    65
Dodge: Dodged            |    56 |     4 ||    60
Block: Kite shield       |    69 |     8 ||    77
